Description

HyuN uses this opening in most of his games against Reality in this series. With the economy changes in LotV, you can get the minerals for a 2nd base much sooner and safely get your Spawning Tool later.

VOD

https://youtu.be/dH7_hsdymMo?t=6m27s

Replay - HyuN v Reality: Game 1 - Dash and Terminal LE (Void)

Build Order

Get SALT Encoding   

  12  0:01  Drone  
  13  0:13  Overlord  
  13  0:17  Drone  
  14  0:31  Drone x2  
  14  0:35  Drone  
  17  0:53  Hatchery  
  17  0:56  Drone  
  17  0:58  Drone  
  18  1:12  Extractor  
  17  1:13  Spawning Pool  
  17  1:17  Drone  
  17  1:19  Drone  
  18  1:30  Drone  
  19  1:40  Overlord  
  19  2:01  Queen, Zergling x4  
  23  2:06  Queen  
  23  2:07  Zergling x2  
  26  2:12  Metabolic Boost  Helpful for fending off Reapers and Hellions
  26  2:17  Drone  
  27  2:18  Drone  
  28  2:35  Drone x3  
  28  2:39  Queen  
Spawning Tool Build Advisor. Get it on Overwolf

Analysis

You can go in several different directions after this opening, including:

  • a quick 3rd base
  • 2 base Roach/Ravager timing attack
  • Lair tech for fast Nydus or Mutas

Go to:

Details

  • Created by: StoicLoofah
  • Published on: Nov 08, 2015
  • Modified on: Nov 08, 2015
  • Patch: Pre-3.8.0
Show
View Real Time Build Order
Export as new Build Order

Comments (5)

On Nov. 12, 2015, 11:45 p.m., turtles  said:

Hi guys. SALT creator here.

The issues you guys were having was with SALT, spawningtool is working as intended. These are fixed now.

I'll be working on any issues that crop up due to LOTV changes as soon as I can.

Thanks for your patience.

On Nov. 11, 2015, 3:26 p.m., squishy  said:

Er, sorry. I guess it's SALT that needs to be updated, not the replay timings.

On Nov. 11, 2015, 3:20 p.m., squishy  said:

Is there any way to update the SALT build so that it uses the correct timings? Everything is timed to the LOTV beta in-game clock, so trying to practice this causes everything to show up as missed.

On Nov. 10, 2015, 3:46 p.m., StoicLoofah  said:

Hmm, that's weird. I'm in touch with the SALT developer and will follow up with him about that. Thanks for bringing this to my attention!

On Nov. 10, 2015, 1:32 p.m., Aki  said:

Salt says "Buildorder string not recognized".

Create an account to comment!